[Event "POL Youth-ch U20 Girls 2020"]
[Site "Pokrzywna"]
[Date "2020.12.02"]
[Round "5.2"]
[White "Malicka, Maria"]
[Black "Antolak, Julia"]
[Result "0-1"]
[ECO "C71"]
[WhiteElo "2291"]
[BlackElo "2313"]
[Annotator "NA"]
[PlyCount "78"]
[EventDate "2020.11.29"]
[EventType "swiss"]
[EventCountry "POL"]
[SourceTitle "playchess.com"]
[Source "ChessBase"]
[SourceQuality "1"]
[TimeControl "40/5400+30:1800+30"]

1. e4 e5 2. Nf3 Nc6 3. Bb5 a6 4. Ba4 d6 5. d4 b5 6. Bb3 Nxd4 7. Nxd4 exd4 8. Qh5 Qe7 9. O-O Nf6 10. Qf3 Bb7 ({Avoid the trap} 10... Nxe4 $2 {[#]} 11. Bxf7+ $1 Kd8 12. Bd5 $18 {[%mdl 64] Double Attack}) ({But not} 10... Qxe4 $2 11. Qxe4+ Nxe4 12. Bd5 $18 {[%mdl 64] Double Attack}) 11. c3 Qxe4 12. Qxe4+ Nxe4 13. cxd4 d5 14. Nc3 Nxc3 15. bxc3 Bd6 16. a4 Kd7 17. Bc2 g6 18. Be3 Bc6 19. Rfb1 bxa4 20. Bxa4 Bxa4 21. Rxa4 Rhb8 22. Rba1 Rb3 23. Kf1 (23. Bd2 $17) 23... Rxc3 24. Rxa6 Rxa6 25. Rxa6 Bxh2 26. Rf6 Ke8 27. Rf3 Bd6 $19 28. g4 c5 29. Rf6 cxd4 30. Rxd6 dxe3 31. Rxd5 exf2 32. Kxf2 h6 33. Rd6 Ke7 34. Ra6 Rd3 35. Rb6 Rd6 36. Rb5 Kf6 37. Kf3 Rd3+ 38. Kf2 Kg7 39. Rb6 Rd5 0-1

[Event "POL Youth-ch U20 Girls 2020"]
[Site "Pokrzywna"]
[Date "2020.12.02"]
[Round "5.3"]
[White "Adamczyk, Zuzanna"]
[Black "Kiolbasa, Oliwia"]
[Result "1/2-1/2"]
[ECO "D30"]
[WhiteElo "1924"]
[BlackElo "2260"]
[Annotator "NA"]
[PlyCount "92"]
[EventDate "2020.11.29"]
[EventType "swiss"]
[EventCountry "POL"]
[SourceTitle "playchess.com"]
[Source "ChessBase"]
[SourceQuality "1"]
[TimeControl "40/5400+30:1800+30"]

1. d4 d5 2. c4 e6 3. Nf3 a6 4. cxd5 exd5 5. Nc3 Nf6 6. Bg5 Be7 7. e3 O-O 8. Bd3 Re8 9. Qc2 h6 10. Bf4 Nh5 11. Bg3 Nxg3 12. hxg3 Nc6 13. a3 Be6 14. Ne2 Bf8 (14... Bd6 $11) 15. Nf4 Na7 ({Black should play} 15... Qf6 $14) 16. Ne5 Bd6 17. Bh7+ Kf8 18. Bf5 Bxf5 19. Qxf5 Bxe5 20. dxe5 ({Stronger than} 20. Ng6+ Kg8 $11) 20... Kg8 21. O-O-O c6 22. e6 fxe6 $18 (22... Qe7 $16 {is a better defense.}) 23. Nxe6 Rxe6 24. Qxe6+ Kh7 25. Rd4 Qe8 26. Qf5+ Qg6 27. Qd7 Nb5 28. Rg4 Qf6 29. Rf4 Qe5 30. Qf7 Kh8 31. Qg6 Qd6 32. Qxd6 Nxd6 33. g4 Kg8 34. Rd1 Re8 35. Kc2 Re6 36. Rfd4 Kf7 37. R4d2 Kf6 38. Re2 Nc4 39. Rde1 Nd6 40. f3 Kg5 41. b3 Kf6 42. Kd3 Kg5 43. Rh1 Kf6 44. Rhe1 Kg5 45. Rh1 Kf6 46. Rhe1 Ke5 1/2-1/2

[Event "POL Youth-ch U20 Girls 2020"]
[Site "Pokrzywna"]
[Date "2020.12.02"]
[Round "5.4"]
[White "Kroliczek, Gabriela"]
[Black "Wikar, Martyna"]
[Result "1-0"]
[ECO "B24"]
[WhiteElo "1911"]
[BlackElo "2171"]
[Annotator "NA"]
[PlyCount "49"]
[EventDate "2020.11.29"]
[EventType "swiss"]
[EventCountry "POL"]
[SourceTitle "playchess.com"]
[Source "ChessBase"]
[SourceQuality "1"]
[TimeControl "40/5400+30:1800+30"]

1. e4 c5 2. Nc3 Nc6 3. Bb5 g6 4. Bxc6 dxc6 5. d3 Bg7 6. Be3 Qd6 7. f4 e5 8. Qd2 Be6 9. Nf3 O-O-O 10. fxe5 ({But not} 10. Nxe5 $6 b6 $16) 10... Bxe5 11. Nxe5 Qxe5 12. Qf2 b6 (12... Nf6 $16) 13. a4 f5 14. Bf4 Qg7 15. a5 $18 Nf6 16. O-O Kb7 17. h3 Rhf8 18. Na4 Nd7 19. Bd6 Rfe8 20. e5 Nxe5 21. axb6 axb6 22. Nxc5+ bxc5 23. Qxc5 Rxd6 24. Ra7+ Kc8 25. Ra8+ 1-0

[Event "POL Youth-ch U20 Girls 2020"]
[Site "Pokrzywna"]
[Date "2020.12.02"]
[Round "5.5"]
[White "Dylag, Emilia"]
[Black "Pawicka, Magdalena"]
[Result "1-0"]
[ECO "D35"]
[WhiteElo "2082"]
[BlackElo "1762"]
[Annotator "NA"]
[PlyCount "89"]
[EventDate "2020.11.29"]
[EventType "swiss"]
[EventCountry "POL"]
[SourceTitle "playchess.com"]
[Source "ChessBase"]
[SourceQuality "1"]
[TimeControl "40/5400+30:1800+30"]

1. d4 d5 2. c4 e6 3. Nc3 Nf6 4. cxd5 exd5 5. Bg5 c6 6. e3 Be7 7. Bd3 O-O 8. Qc2 h6 9. Bf4 Bd6 10. Bxd6 Qxd6 11. Nf3 Nbd7 12. O-O Re8 13. a3 b6 14. b4 Bb7 15. Rab1 Rac8 16. Rfc1 Qb8 17. a4 Qa8 18. a5 bxa5 19. bxa5 c5 20. a6 Bc6 21. Bf5 Rc7 22. Qa2 c4 23. Qa5 Qd8 $14 24. Rb2 Rc8 25. Qa2 Rb8 26. Rxb8 Qxb8 27. Nd2 Nb6 28. Rb1 Qd6 29. Nf3 Nfd7 30. h3 g6 31. Bc2 Kg7 32. Qa5 Re7 33. Re1 f5 34. h4 h5 35. Ne2 Ba8 36. Nf4 Nb8 37. Qc3 N6d7 38. Ra1 Kh7 39. Qa5 Re8 40. Ba4 Qb6 41. Qxb6 axb6 42. a7 Nc6 43. Nxd5 Rc8 44. Ng5+ Kg7 45. Ne6+ 1-0

[Event "POL Youth-ch U20 Girls 2020"]
[Site "Pokrzywna"]
[Date "2020.12.02"]
[Round "5.6"]
[White "Parol, Pola"]
[Black "Budkiewicz, Magdalena"]
[Result "1-0"]
[ECO "B84"]
[WhiteElo "2069"]
[BlackElo "1672"]
[Annotator "NA"]
[PlyCount "81"]
[EventDate "2020.11.29"]
[EventType "swiss"]
[EventCountry "POL"]
[SourceTitle "playchess.com"]
[Source "ChessBase"]
[SourceQuality "1"]
[TimeControl "40/5400+30:1800+30"]

1. e4 c5 2. Nf3 d6 3. d4 cxd4 4. Nxd4 Nf6 5. Nc3 a6 6. Be2 e6 7. Be3 Be7 8. O-O O-O 9. f4 Nbd7 10. Bf3 Qc7 11. Qe1 (11. g4 $14) 11... Rb8 12. g4 Nb6 13. g5 Nfd7 14. Rd1 Nc4 {[%emt 0:01:41] [#]} 15. Bc1 $1 b5 16. Kh1 b4 17. Nce2 d5 18. exd5 exd5 19. Nf5 Ndb6 $16 (19... Re8 $142) 20. Ned4 Bc5 21. b3 Nd6 22. Ne7+ Kh8 23. Nxc8 Rbxc8 24. Bb2 Rfe8 25. Qd2 Rcd8 26. Qd3 Ne4 27. Nf5 Nf2+ 28. Rxf2 Bxf2 29. Nxg7 Kg8 30. Nxe8 Rxe8 31. Qf5 Re6 32. Be5 Qc6 33. Qd3 Re8 34. Kg2 Bh4 35. Rd2 Rd8 36. Bb2 Qc5 37. Qd4 Qxd4 38. Bxd4 Nc8 39. Re2 h6 40. Bf6 Rf8 41. Kh3 1-0

[Event "POL Youth-ch U20 Girls 2020"]
[Site "Pokrzywna"]
[Date "2020.12.02"]
[Round "5.7"]
[White "Kulpa, Zuzanna"]
[Black "Szczotka, Klara"]
[Result "1-0"]
[ECO "D38"]
[WhiteElo "1806"]
[BlackElo "1928"]
[Annotator "NA"]
[PlyCount "93"]
[EventDate "2020.11.29"]
[EventType "swiss"]
[EventCountry "POL"]
[SourceTitle "playchess.com"]
[Source "ChessBase"]
[SourceQuality "1"]
[TimeControl "40/5400+30:1800+30"]

1. d4 Nf6 2. c4 e6 3. Nf3 d5 4. Nc3 Bb4 5. Qb3 Bxc3+ 6. bxc3 O-O 7. Bg5 c6 8. e3 Nbd7 9. Bd3 Qb6 10. Qc2 dxc4 11. Bxc4 Qa5 12. O-O h6 13. Bh4 Nd5 {[%emt 0:01:10] [#]} ({Black should play} 13... b6 $14) 14. Rfc1 $1 b5 15. Bf1 Bb7 {[%emt 0:02:43] [#]} (15... Ba6 $16) 16. a4 $1 bxa4 17. Rxa4 Qc7 18. Bg3 Qc8 19. c4 N5b6 20. Ra5 Rd8 21. c5 Nd5 22. Rca1 a6 23. Nd2 Nc7 24. Ne4 Nb5 25. Rc1 Nb8 26. Qd1 Rd7 27. Nd2 Rd5 28. Nc4 Nd7 29. Nd6 Nxd6 30. Bxd6 $18 Qd8 31. Ra2 Rg5 32. h4 Rg6 33. Bd3 f5 34. Qb3 Bc8 35. Bxf5 Rf6 36. Bxe6+ Kh8 37. Bc4 Rg6 38. Qd3 Rg4 39. Bg3 Qf6 40. Bxa6 Bxa6 41. Rxa6 Rf8 42. Qe2 Rg6 43. Rca1 Kh7 44. Ra8 Rf7 45. h5 Rg5 46. Qc2+ g6 47. Bh4 1-0

[Event "POL Youth-ch U20 Girls 2020"]
[Site "Pokrzywna"]
[Date "2020.12.02"]
[Round "5.8"]
[White "Karykowska, Anna"]
[Black "Sowa, Wiktoria"]
[Result "1-0"]
[ECO "B33"]
[WhiteElo "1979"]
[BlackElo "2093"]
[Annotator "NA"]
[PlyCount "153"]
[EventDate "2020.11.29"]
[EventType "swiss"]
[EventCountry "POL"]
[SourceTitle "playchess.com"]
[Source "ChessBase"]
[SourceQuality "1"]
[TimeControl "40/5400+30:1800+30"]

1. e4 c5 2. Nf3 Nc6 3. d4 cxd4 4. Nxd4 Nf6 5. Nc3 e5 6. Ndb5 d6 7. Bg5 a6 8. Na3 b5 9. Bxf6 gxf6 10. Nd5 f5 11. g3 Bg7 12. exf5 Bxf5 13. Bg2 O-O 14. c3 Rc8 15. O-O Be6 16. Nc2 f5 17. a4 bxa4 18. Rxa4 a5 19. b4 axb4 20. cxb4 e4 21. Nce3 Nd4 22. Ra7 $11 Rf7 23. Rxf7 Bxf7 24. Nf4 Qb6 25. Qa4 Be5 26. Nfd5 Qb7 27. Qa2 Kh8 28. Rd1 Rc3 29. Qa5 Rc8 30. Qa2 Be6 31. Kh1 Nc6 32. Qd2 Nd4 33. Qa2 Rc6 34. Qa5 Rc8 35. Qa2 Kg7 36. Qa5 Kh6 37. Qa2 Kg7 38. Qa5 Kf7 39. Qa2 Ra8 40. Qc4 Rc8 41. Qa2 Kf8 42. Kg1 Qc6 43. Bf1 Nf3+ 44. Kh1 Bd4 45. b5 Qb7 46. Qa6 Qb8 47. Rxd4 Nxd4 48. Qa1 Nf3 49. Qf6+ Bf7 50. Qh8+ Bg8 51. Qf6+ Bf7 52. Qe7+ Kg8 53. Nf6+ Kg7 54. Nxf5+ Kg6 55. Nxd6 Rc7 56. Qxe4+ Kxf6 57. Qxf3+ Kg7 58. Nf5+ Kf8 59. Qa3+ Kg8 60. Qb2 Bd5+ 61. Kg1 Qf8 62. Qe5 Rd7 63. Qf4 Kh8 64. Qd4+ Kg8 65. Qg4+ Kh8 66. Ne3 Rg7 67. Qd4 Bb7 68. Qe5 Bc8 69. b6 Qe7 70. Qc3 Be6 71. Bg2 Kg8 72. b7 Qd8 73. Qe5 Rc7 74. Qxe6+ Kf8 75. Qb3 Rc1+ 76. Nf1 Qb8 77. Qa3+ 1-0

[Event "POL Youth-ch U20 Girls 2020"]
[Site "Pokrzywna"]
[Date "2020.12.02"]
[Round "5.9"]
[White "Smietanska, Wiktoria"]
[Black "Furtak, Joanna"]
[Result "1/2-1/2"]
[ECO "A16"]
[WhiteElo "2013"]
[BlackElo "1837"]
[Annotator "NA"]
[PlyCount "110"]
[EventDate "2020.11.29"]
[EventType "swiss"]
[EventCountry "POL"]
[SourceTitle "playchess.com"]
[Source "ChessBase"]
[SourceQuality "1"]
[TimeControl "40/5400+30:1800+30"]

1. c4 Nf6 2. Nc3 g6 3. g3 Bg7 4. Bg2 O-O 5. e4 d6 6. Nge2 c5 7. d3 Nc6 8. O-O Bd7 9. h3 Ne8 10. Be3 Nc7 11. d4 cxd4 12. Nxd4 Ne6 13. Nde2 Nc5 14. b3 Qc8 15. Kh2 Kh8 16. Qd2 f5 17. exf5 Bxf5 18. Bh6 Bxh6 19. Qxh6 Bd3 20. Qe3 Qe6 21. Qxe6 Nxe6 22. Be4 Bxe4 23. Nxe4 Ned4 24. Nxd4 Nxd4 25. f4 Rac8 26. Rad1 Nc6 27. Rfe1 h6 28. Nc3 $11 Kg7 29. Re6 Rf6 30. Re3 g5 31. Nd5 gxf4 32. Nxf4 Rf5 33. Re6 Re5 34. Re1 Rxe1 35. Rxe1 e5 36. Nd5 Nd4 37. Kg2 b5 38. Ne3 bxc4 39. Nxc4 Rc6 40. Rf1 Ra6 41. Rf2 Kg6 42. g4 Rc6 43. Kg3 h5 44. gxh5+ Kxh5 45. Rf6 Kg5 46. Rf2 e4 47. h4+ Kh5 48. Kf4 d5 49. Ke5 dxc4 50. Kxd4 e3 51. Kxe3 cxb3 52. axb3 Rc3+ 53. Kd4 Rxb3 54. Ra2 Kxh4 55. Rxa7 Rb8 1/2-1/2

[Event "POL Youth-ch U20 Girls 2020"]
[Site "Pokrzywna"]
[Date "2020.12.02"]
[Round "5.10"]
[White "Zabrzanska, Weronika"]
[Black "Cieslak, Wiktoria"]
[Result "1/2-1/2"]
[ECO "B47"]
[WhiteElo "1849"]
[BlackElo "2008"]
[Annotator "ChessBase"]
[PlyCount "69"]
[EventDate "2020.11.29"]
[EventType "swiss"]
[EventCountry "POL"]
[SourceTitle "playchess.com"]
[Source "ChessBase"]
[SourceQuality "1"]
[TimeControl "40/5400+30:1800+30"]

1. e4 c5 2. Nc3 e6 3. Nf3 Nc6 4. d4 cxd4 5. Nxd4 Qc7 6. g3 a6 7. Bg2 Nf6 8. O-O Bb4 9. Nde2 O-O 10. Bf4 Ne5 11. Qd4 Bd6 12. Rfd1 Ne8 13. Nc1 f6 14. Nd3 Nxd3 15. Bxd6 Nxd6 16. cxd3 Nf7 17. Rac1 Qd8 18. f4 d6 19. b4 Bd7 20. a4 b5 21. a5 Rc8 22. Rc2 Bc6 23. Rdc1 Qd7 24. Qb6 Bb7 25. Nd5 exd5 26. Rc7 Rxc7 27. Rxc7 Qg4 28. Rxb7 Qd1+ 29. Bf1 dxe4 30. dxe4 Qe1 31. Rb8 Qxb4 32. Rxf8+ Kxf8 33. Qb8+ Ke7 34. Qc7+ Ke8 35. Qc6+ 1/2-1/2

[Event "POL Youth-ch U20 Girls 2020"]
[Site "Pokrzywna"]
[Date "2020.12.02"]
[Round "5.11"]
[White "Starosta, Martyna"]
[Black "Siekanska, Maria"]
[Result "1-0"]
[ECO "E15"]
[WhiteElo "2094"]
[BlackElo "1919"]
[Annotator "NA"]
[PlyCount "87"]
[EventDate "2020.11.29"]
[EventType "swiss"]
[EventCountry "POL"]
[SourceTitle "playchess.com"]
[Source "ChessBase"]
[SourceQuality "1"]
[TimeControl "40/5400+30:1800+30"]

1. d4 Nf6 2. Nf3 e6 3. c4 b6 4. g3 Ba6 5. Qa4 Bb7 6. Bg2 Be7 7. O-O O-O 8. Nc3 c5 9. dxc5 Bxc5 10. b4 Be7 $1 11. Bb2 Nc6 12. a3 Rc8 13. Rfd1 Qc7 (13... a5 $11) 14. Rac1 Qb8 15. Nb5 a6 16. Nbd4 $11 Rfd8 17. Nxc6 Bxc6 18. Qxa6 d5 19. Ne5 Ba8 20. Bd4 Bd6 21. f4 Bc7 22. c5 bxc5 23. Rxc5 Bb6 24. Qxb6 Qxb6 25. Rxc8 Qxd4+ 26. Rxd4 Rxc8 27. b5 Ne8 28. Ra4 f6 29. Nd7 Bb7 30. Ra7 Rc7 31. Nb6 Nd6 32. Ra5 Rc2 33. Kf2 d4 34. Bxb7 d3 35. Ke1 Rc1+ 36. Kd2 dxe2 37. Kxe2 Nxb7 38. Ra8+ Kf7 39. Ra7 Rc2+ 40. Kf3 Rc3+ 41. Kg4 Rc7 42. Nc8 h5+ 43. Kxh5 Kg8 44. Kg6 1-0

[Event "POL Youth-ch U20 Girls 2020"]
[Site "Pokrzywna"]
[Date "2020.12.02"]
[Round "5.12"]
[White "Barwinska, Ewa"]
[Black "Marcinczyk, Monika"]
[Result "0-1"]
[ECO "B37"]
[WhiteElo "1731"]
[BlackElo "2030"]
[Annotator "NA"]
[PlyCount "102"]
[EventDate "2020.11.29"]
[EventType "swiss"]
[EventCountry "POL"]
[SourceTitle "playchess.com"]
[Source "ChessBase"]
[SourceQuality "1"]
[TimeControl "40/5400+30:1800+30"]

1. e4 c5 2. Ne2 Nc6 3. c4 g6 4. d4 cxd4 5. Nxd4 Bg7 6. Nc2 Nf6 7. Nc3 d6 8. Be2 O-O 9. Be3 Be6 10. f3 Nd7 11. Qd2 Nde5 (11... Qa5 $11) 12. b3 Qa5 13. Nd4 Nxd4 14. Bxd4 Rfc8 15. Rc1 a6 16. O-O b5 17. cxb5 axb5 18. Bxb5 Rxc3 19. Rxc3 Qxb5 20. Rfc1 Qa6 21. R1c2 f5 22. Rc7 $17 Nd7 23. Bxg7 Kxg7 24. Qd4+ Kf7 25. R7c3 Qa7 26. Qxa7 Rxa7 27. exf5 Bxf5 28. Rc7 Ra6 29. Re2 d5 30. g4 Be6 31. b4 d4 32. b5 Rd6 33. Kf2 d3 34. Rd2 Nb6 35. Rc6 Bc4 36. Rxd6 exd6 37. Ke3 Bxb5 38. Kd4 Ba6 39. f4 Ke6 40. h4 h5 41. f5+ gxf5 42. gxh5 Nd7 43. h6 Nf6 44. Rg2 f4 45. a3 Kf7 46. Rg7+ Kf8 47. Rg2 f3 48. Rf2 Bb7 49. Kxd3 Ng4 50. Rb2 f2 51. Rxf2+ Nxf2+ 0-1

[Event "POL Youth-ch U20 Girls 2020"]
[Site "Pokrzywna"]
[Date "2020.12.02"]
[Round "5.15"]
[White "Mirowska, Oliwia"]
[Black "Hertlein, Irena"]
[Result "1-0"]
[ECO "B33"]
[WhiteElo "1820"]
[BlackElo "1893"]
[Annotator "NA"]
[PlyCount "65"]
[EventDate "2020.11.29"]
[EventType "swiss"]
[EventCountry "POL"]
[SourceTitle "playchess.com"]
[Source "ChessBase"]
[SourceQuality "1"]
[TimeControl "40/5400+30:1800+30"]

1. e4 c5 2. Nf3 Nc6 3. d4 cxd4 4. Nxd4 Nf6 5. Nc3 g6 6. Be2 Bg7 7. Nb3 O-O 8. Be3 a5 9. a4 d6 10. g4 d5 11. exd5 Nb4 12. Bf3 Bxg4 13. Bxg4 Nxg4 14. Qxg4 Nxc2+ 15. Ke2 Nxa1 16. Rxa1 Bxc3 17. bxc3 Qxd5 18. Nd4 Qc4+ 19. Kf3 f5 20. Qh3 e5 21. Rg1 exd4 22. Bxd4 Qd5+ 23. Kf4 Qe4+ 24. Kg5 f4 25. Qh6 Rf7 26. Kh4 f3+ 27. Rg4 Qe7+ 28. Kh3 Qe6 29. Kg3 Rd8 30. h4 Qd6+ 31. Kh3 Qf8 32. Rxg6+ hxg6 33. Qh8# 1-0

[Event "POL Youth-ch U20 Girls 2020"]
[Site "Pokrzywna"]
[Date "2020.12.03"]
[Round "6.1"]
[White "Malicka, Maria"]
[Black "Rudzinska, Michalina"]
[Result "0-1"]
[ECO "B85"]
[WhiteElo "2291"]
[BlackElo "2189"]
[Annotator "RC"]
[PlyCount "68"]
[EventDate "2020.11.29"]
[EventType "swiss"]
[EventCountry "POL"]
[SourceTitle "playchess.com"]
[Source "ChessBase"]
[SourceQuality "1"]
[TimeControl "40/5400+30:1800+30"]

1. e4 c5 2. Nf3 e6 3. d4 cxd4 4. Nxd4 Nc6 5. Nc3 Qc7 6. Be2 a6 7. O-O Nf6 8. Be3 Be7 9. f4 d6 10. Qe1 O-O 11. Kh1 Na5 12. Qg3 Nc4 13. Bxc4 Qxc4 14. e5 Nh5 15. Qf3 g6 16. Ne4 d5 17. Nf2 f6 18. Ng4 fxe5 19. Nxe5 Qc7 20. Qe2 Bd6 21. Bd2 Nf6 22. c4 Ne4 23. Rac1 Qg7 24. Ndf3 Qh6 25. Qe1 Nxd2 26. Qxd2 Qxf4 27. Qxf4 Rxf4 28. c5 Bc7 29. Nd3 Re4 30. Ng5 Rd4 31. c6 bxc6 32. Nc5 Rh4 33. h3 Bf4 34. g3 Bxg5 0-1

[Event "POL Youth-ch U20 Girls 2020"]
[Site "Pokrzywna"]
[Date "2020.12.03"]
[Round "6.4"]
[White "Kroliczek, Gabriela"]
[Black "Parol, Pola"]
[Result "0-1"]
[ECO "B24"]
[WhiteElo "1911"]
[BlackElo "2069"]
[Annotator "RC"]
[PlyCount "72"]
[EventDate "2020.11.29"]
[EventType "swiss"]
[EventCountry "POL"]
[SourceTitle "playchess.com"]
[Source "ChessBase"]
[SourceQuality "1"]
[TimeControl "40/5400+30:1800+30"]

1. e4 c5 2. Nc3 Nc6 3. Bb5 Nd4 4. Nf3 a6 5. Bd3 g6 6. O-O Bg7 7. Nd5 e6 8. Ne3 d5 9. exd5 exd5 10. Nxd4 cxd4 11. Ng4 Qg5 12. h3 Qf4 13. Qe2+ Be6 14. c4 Ne7 15. cxd5 Nxd5 16. Be4 O-O 17. d3 Qd6 18. f4 f5 19. Bxd5 Bxd5 20. Nh2 Rfe8 21. Qf2 Qe6 22. Bd2 Qe2 23. Qxe2 Rxe2 24. Rf2 Rae8 25. g3 R2e6 26. a4 Rc6 27. b4 Rc2 28. Rb1 Ra2 29. a5 Ra3 30. b5 Rxd3 31. Nf1 Rb3 32. Rxb3 Bxb3 33. bxa6 bxa6 34. Rf3 Bc4 35. g4 Rb8 36. Kg2 Bd5 0-1

[Event "POL Youth-ch U20 Girls 2020"]
[Site "Pokrzywna"]
[Date "2020.12.03"]
[Round "6.5"]
[White "Kiolbasa, Oliwia"]
[Black "Karykowska, Anna"]
[Result "1-0"]
[ECO "B28"]
[WhiteElo "2260"]
[BlackElo "1979"]
[Annotator "RC"]
[PlyCount "91"]
[EventDate "2020.11.29"]
[EventType "swiss"]
[EventCountry "POL"]
[SourceTitle "playchess.com"]
[Source "ChessBase"]
[SourceQuality "1"]
[TimeControl "40/5400+30:1800+30"]

1. e4 c5 2. Nf3 a6 3. c3 e6 4. d4 d5 5. e5 Bd7 6. Bd3 cxd4 7. cxd4 Bb5 8. Bc2 Bb4+ 9. Bd2 a5 10. Nc3 Bxc3 11. Bxc3 Nc6 12. Qd2 h6 13. h4 Nge7 14. Rh3 Qb6 15. h5 O-O-O 16. Rg3 Rdg8 17. Nh4 Ba6 18. a3 Qb5 19. O-O-O Qe2 20. f3 Qxd2+ 21. Kxd2 b6 22. Ke3 Kc7 23. Be1 Kd7 24. f4 f5 25. Rc1 Bc4 26. Bd1 Rh7 27. Bf2 Rc8 28. Rh3 Rhh8 29. g4 fxg4 30. Bxg4 Rhf8 31. Rf3 Nf5+ 32. Bxf5 exf5 33. Rg1 Rf7 34. Rfg3 Rg8 35. Rg6 Nd8 36. Rxb6 a4 37. Rd6+ Kc7 38. Rxh6 Re8 39. Rh7 Ree7 40. Ng6 Re8 41. Nh8 Rd7 42. Rgxg7 Bb5 43. Ng6 Ne6 44. Rxd7+ Bxd7 45. Be1 Rb8 46. Bb4 1-0

[Event "POL Youth-ch U20 Girls 2020"]
[Site "Pokrzywna"]
[Date "2020.12.03"]
[Round "6.7"]
[White "Cieslak, Wiktoria"]
[Black "Starosta, Martyna"]
[Result "1-0"]
[ECO "B96"]
[WhiteElo "2008"]
[BlackElo "2094"]
[Annotator "ChessBase"]
[PlyCount "83"]
[EventDate "2020.11.29"]
[EventType "swiss"]
[EventCountry "POL"]
[SourceTitle "playchess.com"]
[Source "ChessBase"]
[SourceQuality "1"]
[TimeControl "40/5400+30:1800+30"]

1. e4 c5 2. Nf3 d6 3. d4 cxd4 4. Nxd4 Nf6 5. Nc3 a6 6. Bg5 e6 7. f4 h6 8. Bh4 Be7 9. Bf2 Qc7 10. Qe2 Nbd7 11. O-O-O b5 12. f5 e5 13. Nb3 Bb7 14. g4 Nb6 15. Bxb6 Qxb6 16. Bg2 Rc8 17. h4 b4 18. Nd5 Bxd5 19. exd5 h5 20. g5 Ng4 21. Rhe1 O-O 22. Bf3 Nf2 23. Rd2 Nh3 24. f6 Nf4 25. Qe4 Bd8 26. fxg7 Kxg7 27. Qf5 Rc4 28. Be4 Ng6 29. Rf2 Be7 30. Nd2 Rc7 31. Nf1 Qa5 32. Re3 Qxa2 33. Ng3 Rc4 34. Nxh5+ Kh8 35. Nf6 Qa1+ 36. Kd2 Qxb2 37. h5 Rd4+ 38. Rd3 Qc3+ 39. Kd1 Qa1+ 40. Ke2 Bxf6 41. Qxf6+ Kg8 42. Bxg6 1-0

[Event "POL Youth-ch U20 Girls 2020"]
[Site "Pokrzywna"]
[Date "2020.12.03"]
[Round "6.8"]
[White "Marcinczyk, Monika"]
[Black "Czernikowska, Laura"]
[Result "1-0"]
[ECO "B40"]
[WhiteElo "2030"]
[BlackElo "1508"]
[Annotator "ChessBase"]
[PlyCount "59"]
[EventDate "2020.11.29"]
[EventType "swiss"]
[EventCountry "POL"]
[SourceTitle "playchess.com"]
[Source "ChessBase"]
[SourceQuality "1"]
[TimeControl "40/5400+30:1800+30"]

1. e4 c5 2. Nf3 e6 3. d4 cxd4 4. Nxd4 Nf6 5. Nc3 Nc6 6. Ndb5 Bb4 7. a3 Bxc3+ 8. Nxc3 d5 9. exd5 Nxd5 10. Nxd5 Qxd5 11. Qxd5 exd5 12. Be3 O-O 13. Rd1 Be6 14. f4 Rfe8 15. Kf2 Rac8 16. c3 b6 17. Bb5 Red8 18. Bd4 Nxd4 19. Rxd4 Rc5 20. Be2 Kf8 21. Rhd1 Rdc8 22. g4 g6 23. Kg3 Ke7 24. h4 f5 25. g5 R8c7 26. Re1 Kf7 27. Bf3 Rb5 28. b4 Rc4 29. Rxc4 dxc4 30. a4 1-0

[Event "POL Youth-ch U20 Girls 2020"]
[Site "Pokrzywna"]
[Date "2020.12.03"]
[Round "6.9"]
[White "Budkiewicz, Magdalena"]
[Black "Smietanska, Wiktoria"]
[Result "1/2-1/2"]
[ECO "B35"]
[WhiteElo "1672"]
[BlackElo "2013"]
[Annotator "RC"]
[PlyCount "71"]
[EventDate "2020.11.29"]
[EventType "swiss"]
[EventCountry "POL"]
[SourceTitle "playchess.com"]
[Source "ChessBase"]
[SourceQuality "1"]
[TimeControl "40/5400+30:1800+30"]

1. e4 c5 2. Nf3 g6 3. d4 cxd4 4. Nxd4 Nc6 5. Nc3 Bg7 6. Be3 Nf6 7. Bc4 Qa5 8. O-O O-O 9. Bb3 d6 10. h3 Bd7 11. Kh1 Qh5 12. Qxh5 Nxh5 13. Rad1 Rfd8 14. Nd5 Nf6 15. Nxf6+ Bxf6 16. c3 Na5 17. Bc2 Nc4 18. Bc1 b5 19. Bd3 a6 20. f4 Rdc8 21. Rfe1 Rab8 22. Nf3 Bc6 23. Bxc4 bxc4 24. Nd4 Ba4 25. Rd2 Bh4 26. Rf1 Rc5 27. Kh2 Bf6 28. Nf3 Bc6 29. Re2 Ra5 30. a3 Rab5 31. Rd1 Kf8 32. Nd4 Bxd4 33. Rxd4 d5 34. e5 e6 35. g4 Ke7 36. g5 1/2-1/2

[Event "POL Youth-ch U20 Girls 2020"]
[Site "Pokrzywna"]
[Date "2020.12.03"]
[Round "6.10"]
[White "Szczotka, Klara"]
[Black "Pawicka, Magdalena"]
[Result "1-0"]
[ECO "B52"]
[WhiteElo "1928"]
[BlackElo "1762"]
[Annotator "RC"]
[PlyCount "91"]
[EventDate "2020.11.29"]
[EventType "swiss"]
[EventCountry "POL"]
[SourceTitle "playchess.com"]
[Source "ChessBase"]
[SourceQuality "1"]
[TimeControl "40/5400+30:1800+30"]

1. e4 c5 2. Nf3 d6 3. Bb5+ Bd7 4. Bxd7+ Qxd7 5. c4 Nf6 6. Nc3 g6 7. d4 cxd4 8. Nxd4 Bg7 9. f3 Nc6 10. Be3 O-O 11. O-O Rac8 12. b3 a6 13. a4 e6 14. Nxc6 bxc6 15. Qd2 d5 16. cxd5 cxd5 17. e5 Ne8 18. Bd4 f6 19. f4 fxe5 20. fxe5 Rxf1+ 21. Rxf1 Bf8 22. Qf4 Ng7 23. g4 Bb4 24. Rf3 Qe7 25. Kg2 Bc5 26. Ne2 Bxd4 27. Nxd4 Rc7 28. Qf6 Qe8 29. Qg5 Rf7 30. Qc1 Rxf3 31. Nxf3 h5 32. h3 hxg4 33. hxg4 Qb8 34. Qc3 Ne8 35. Qc6 Nc7 36. Kg3 Kf8 37. b4 Qd8 38. Nd4 Ke7 39. Qb6 Qd7 40. Qb7 Ke8 41. b5 axb5 42. axb5 Qd8 43. b6 Na8 44. Nc6 Qg5 45. Qxa8+ Kf7 46. Qa3 1-0

[Event "POL Youth-ch U20 Girls 2020"]
[Site "Pokrzywna"]
[Date "2020.12.03"]
[Round "6.11"]
[White "Furtak, Joanna"]
[Black "Zabrzanska, Weronika"]
[Result "1/2-1/2"]
[ECO "B45"]
[WhiteElo "1837"]
[BlackElo "1849"]
[Annotator "NA"]
[PlyCount "61"]
[EventDate "2020.11.29"]
[EventType "swiss"]
[EventCountry "POL"]
[SourceTitle "playchess.com"]
[Source "ChessBase"]
[SourceQuality "1"]
[TimeControl "40/5400+30:1800+30"]

1. e4 c5 2. Nf3 e6 3. d4 cxd4 4. Nxd4 Nc6 5. Nc3 Nf6 6. g3 Be7 7. Bg2 d5 8. exd5 exd5 9. h3 O-O 10. O-O Qb6 11. Nb3 Rd8 12. Qe2 Be6 $11 (12... d4 $5 13. Ne4 Bf5 $11) 13. Rd1 d4 14. Ne4 Nxe4 15. Bxe4 Bxh3 16. Qh5 f5 17. Qxh3 fxe4 18. Qe6+ Kh8 19. Qxe4 Bf6 20. Bf4 Re8 21. Qf5 Nb4 22. Qc5 Rac8 23. Qxb6 axb6 24. Nxd4 Bxd4 25. c3 Bxc3 26. bxc3 Rxc3 27. Bd2 Rc4 28. Bxb4 Rxb4 29. Rd7 Rb2 30. Rxb7 h6 31. Rd1 1/2-1/2